 Dungeon Crawl Stone Soup version 0.31-a0-1522-g43313d8a59 (webtiles) character file.

Game seed: 9409063731633731635

555 wildpjah the Slasher (level 7, -6/52 HPs)
             Began as a Merfolk Gladiator on Dec 31, 2023.
             Mangled by an ogre
             ... wielding a +0 giant spiked club
              (32 damage)
             ... on level 5 of the Dungeon.
             The game lasted 00:08:02 (3876 turns).

wildpjah the Slasher (Merfolk Gladiator)            Turns: 3876, Time: 00:08:03

Health: -6/52      AC:  7    Str: 14    XL:     7   Next: 30%
Magic:  8/10       EV: 13    Int:  7    God:
Gold:   161        SH:  5    Dex: 18    Spells: 8/10 levels left

rFire   . . .        a - +0 long sword
rCold   . . .        k - +0 buckler
rNeg    . . .        b - +0 leather armour
rPois   .            c - +0 helmet
rElec   .            A - +1 cloak
rCorr   .            t - +0 pair of gloves
SInv    .            (no boots)
Will    .....        (no amulet)
Stlth   ++           (no ring)
HPRegen 0.28/turn    (no ring)
MPRegen 0.12/turn

%: no passive effects
@: weak-willed, jinxed
A: (nimble swimmer 2), mertail
a: no special abilities


You were on level 5 of the Dungeon.
You visited 1 branch of the dungeon, and saw 5 of its levels.

You collected 161 gold pieces.

Inventory:

Hand Weapons
 a - a +0 long sword (weapon)
 g - a +0 dagger
Missiles
 d - a throwing net
 e - 5 poisoned darts
 h - 4 atropa-tipped darts
 w - a javelin
Armour
 b - a +0 leather armour (worn)
 c - a +0 helmet (worn)
 f - a +0 kite shield
 k - a +0 buckler (worn)
 t - a +0 pair of gloves (worn)
 v - a +0 robe of cold resistance
 A - a +1 cloak (worn)
Wands
 y - a wand of flame (22)
 C - a wand of digging (2)
Scrolls
 i - 5 scrolls of blinking {unknown}
 j - 2 scrolls of noise {unknown}
 l - 2 scrolls of teleportation {unknown}
 n - a scroll of immolation {unknown}
 o - 3 scrolls of enchant weapon {unknown}
 q - 2 scrolls of identify {unknown}
 z - 2 scrolls of fog {unknown}
 D - a scroll of torment {unknown}
 F - a scroll of fear {unknown}
Potions
 m - a potion of berserk rage {unknown}
 p - a potion of enlightenment {unknown}
 r - 2 potions of mutation {unknown}
 s - a potion of haste {unknown}
 u - a potion of heal wounds {unknown}
 x - 4 potions of curing {unknown}
 B - a potion of ambrosia {unknown}
 E - a potion of degeneration {unknown}


   Skills:
 + Level 3.3 Fighting
 + Level 6.0 Long Blades
 + Level 2.3 Throwing
 + Level 1.7 Armour
 + Level 5.0 Dodging
 + Level 1.3 Stealth
 + Level 1.0 Shields
 * Level 2.2 Spellcasting
 * Level 2.5 Hexes


You had 8 spell levels left.
You knew the following spells:

 Your Spells              Type           Power      Damage    Failure   Level
a - Jinxbite              Hex            8%         N/A       34%         2

Your spell library contained the following spells:

 Spells                   Type           Power      Damage    Failure   Level
 Ensorcelled Hibernation  Hex/Ice        4%         N/A       52%         2
 Apportation              Tloc           0%         N/A       54%         1
 Sandblast                Erth           0%         2d4       54%         1
 Fugue of the Fallen      Necr           0%         N/A       89%         3
 Passwall                 Erth           0%         N/A       89%         3
 Stone Arrow              Conj/Erth      0%         3d7       89%         3
 Anguish                  Hex/Necr       1%         N/A       98%         4
 Brom's Barrelling Bould  Conj/Erth      0%         2d3       100%        4
 Passage of Golubria      Tloc           0%         N/A       100%        4
 Alistair's Intoxication  Alch           0%         N/A       100%        5
 Silence                  Hex/Air        1%         N/A       100%        5
 Lehudib's Crystal Spear  Conj/Erth      0%         10d2      100%        8


Dungeon Overview and Level Annotations

Branches:
Dungeon (5/15)
 Temple: D:4-7

Altars:
Sif Muna
Zin

Annotations:
D:5 3 runed translucent doors, justen's ghost, novice OnCA


Innate Abilities, Weirdness & Mutations

((You are very nimble when in or above water. (Stealth+, EV+, Speed+++)))
Your lower body shifts to a powerful aquatic tail in water.


Message History

The ogre barely misses you.
You slash the ogre!
The ogre is almost dead.
The ogre seems less drained.
The ogre closely misses you.
You hit the ogre.
The ogre is almost dead.
The ogre barely misses you.
Your magical contamination has completely faded away.
You slash the ogre!
You kill the ogre!
Your Long Blades skill increases to level 6!
The jinxing sprites lose interest in you.
The sprites lose interest in your situation.
You feel your willpower return.
Magic restored.
Found a stone staircase leading up.
Found an escape hatch in the floor.
There is a stone staircase leading down here.
i - 5 scrolls labelled QENOGI TECZETH (gained 1)
Items here: )) [[.
You open the door.
Found a hand axe.
There is an open door here.
An ogre comes into view. It is wielding a +0 giant spiked club.
The ogre shouts!
Casting: Jinxbite (dangerous; 34% risk of failure)
Press: ? - help, Q - select action, (/) - cycle Dir - look around, f - activate You beckon some vexing sprites to accompany your attacks.
You feel your willpower being sapped.
You hit the ogre.
The ogre is moderately wounded.
The ogre hits you with a +0 giant spiked club!!
You slash the ogre!
The ogre is heavily wounded.
The ogre hits you with a +0 giant spiked club.
You hit the ogre.
The ogre is severely wounded.
The ogre hits you with a +0 giant spiked club!!
Ouch! That really hurt!
You die...

.. +.............
.....###########<..
.....####### #.##
...........# #)).
#.........#####...
#.........'.......
#.........#####...
#######$........#
#...
+.....O@........#
####
#####.#.........#
#.#.........#
#.......#####
###.###)# #.# #.#
#.# #.# #.# #.# #.#


You could see an ogre.

Vanquished Creatures
  Sigmund (D:4)
  2 ogres
  A hound (D:5)
  A jelly (D:4)
  A sleepcap (D:3)
  An orc wizard (D:3)
  3 adders
  A dart slug (D:1)
  A ribbon worm (D:3)
  6 orcs
  4 bats
  5 endoplasms
  5 giant cockroaches
  4 goblins
  8 hobgoblins
  4 quokkas
  4 ball pythons
  7 frilled lizards
  9 kobolds
  6 rats
74 creatures vanquished.

Notes
Turn   | Place    | Note
-------+----------+-------------------------------------------
     0 | D:1      | wildpjah the Merfolk Gladiator began the quest for the Orb.
     0 | D:1      | Reached XP level 1. HP: 16/16 MP: 1/1
   166 | D:1      | Reached XP level 2. HP: 23/23 MP: 2/2
   242 | D:1      | Reached skill level 4 in Long Blades
   455 | D:1      | Found a faded altar of an unknown god.
   468 | D:1      | Reached XP level 3. HP: 26/28 MP: 3/3
   505 | D:1      | Learned a level 2 spell: Jinxbite
  1702 | D:2      | Reached XP level 4. HP: 25/34 MP: 4/4
  1793 | D:3      | Reached skill level 1 in Hexes
  1864 | D:3      | Found a shimmering blue altar of Sif Muna.
  1940 | D:3      | Reached XP level 5. HP: 34/40 MP: 4/6
  1943 | D:3      | Reached skill level 1 in Spellcasting
  1964 | D:3      | Found a glowing silver altar of Zin.
  2625 | D:4      | Noticed Sigmund
  2640 | D:4      | Killed Sigmund
  2641 | D:4      | Reached skill level 5 in Long Blades
  2641 | D:4      | Reached skill level 1 in Armour
  2641 | D:4      | Reached skill level 1 in Stealth
  2641 | D:4      | Reached XP level 6. HP: 24/47 MP: 6/8
  2962 | D:4      | Reached skill level 1 in Shields
  2962 | D:4      | Reached XP level 7. HP: 25/52 MP: 8/10
  3358 | D:5      | Entered Level 5 of the Dungeon
  3416 | D:5      | Found a runed translucent gate.
  3417 | D:5      | Found a runed translucent gate.
  3417 | D:5      | Found a runed translucent gate.
  3419 | D:5      | Noticed justen's ghost (novice OnCA)
  3603 | D:5      | Reached skill level 5 in Dodging
  3631 | D:5      | Reached skill level 6 in Long Blades
  3876 | D:5      | Mangled by an ogre

Illustrated notes

Levels and vault maps discovered:
D:1:      psy_arrival_spokes, layout_basic,
          hellmonk_ecumenical_altar_leap_of_faith, minmay_circled_x
D:2:      layout_basic, interstate_on_off
D:3:      layout_loops_ring, mainiacjoe_overflow_alcove_2,
          mainiacjoe_overflow_boulevard, serial_bayou_pond_d,
          hangedman_abyss_or_decor_lesser_grid
D:4:      layout_loops_ring, uniq_sigmund
D:5:      layout_basic, biasface_ghost_orc_armoury

Skill      XL: |  1  2  3  4  5  6  7 |
---------------+----------------------+-----
Long Blades    | 4 5 6 |  6.0
Hexes          | 1 2 |  2.5
Spellcasting   | 1 2 |  2.2
Fighting       | 3 |  3.3
Armour         | 1 |  1.7
Stealth        | 1 |  1.3
Shields        | 1 |  1.0
Dodging        | 5 |  5.0
Throwing       | |  2.3

Action                     |  1- 3 |  4- 6 |  7- 9 || total
---------------------------+-------+-------+-------++-------
  Melee: Long sword        |   117 |    97 |    27 ||   241
  Throw: Dart              |       |     2 |       ||     2
         Javelin           |       |     2 |       ||     2
         Throwing net      |       |     2 |       ||     2
   Cast: Jinxbite          |       |       |     2 ||     2
   Stab: Sleeping          |     2 |     3 |       ||     5
         Held in net/web   |       |     1 |       ||     1
 Armour: Leather armour    |    60 |    42 |    18 ||   120
  Dodge: Dodged            |    83 |    39 |    10 ||   132
  Block: Kite shield       |    13 |       |       ||    13
         Buckler           |    26 |    17 |     3 ||    46

Table legend: (Time is in decaauts)
 A = Elapsed time spent in this place.
 B = Non-inter-level travel time spent in this place.
 C = Inter-level travel time spent in this place.
 D = Time resting spent in this place.
 E = Time spent auto-exploring this place.
 F = Levels seen in this place.
 G = Mean time per level.
                   A        B        C        D        E       F      G
               +--------+--------+--------+--------+--------+-----+--------+
         Total |   3933 |   3777 |    156 |      0 |   3104 |   5 |  786.6 |
       Dungeon |   3933 |   3777 |    156 |      0 |   3104 |   5 |  786.6 |
               +--------+--------+--------+--------+--------+-----+--------+

Top non-repeatable levels by time:
     D:1: 985 daAuts
     D:4: 944 daAuts
     D:2: 771 daAuts
     D:3: 711 daAuts
     D:5: 521 daAuts
